 Dungeon Crawl Stone Soup version 0.30-a0-722-g3e6e8c874d (webtiles) character file.

Game seed: 5687501781830809516

84 Newt the Trooper (level 4, 0/37 HPs)
             Began as a Demonspawn Gladiator on Jan 27, 2023.
             Slain by a gnoll
             ... wielding a +0 spear
              (8 damage)
             ... on level 3 of the Dungeon.
             The game lasted 00:01:59 (1625 turns).

Newt the Trooper (Demonspawn Gladiator)             Turns: 1625, Time: 00:02:00

Health: 0/37       AC:  4    Str: 16    XL:     4   Next: 24%
Magic:  4/4        EV: 12    Int: 10    God:
Gold:   105        SH:  0    Dex: 14    Spells: 3/3 levels left

rFire   . . .      SeeInvis +    a - +1 rapier
rCold   . . .      Faith    .    (no shield)
rNeg    . . .      Spirit   .    b - +0 leather armour
rPois   .          Reflect  .    c - +0 helmet
rElec   .          Harm     .    (no cloak)
rCorr   .          Rampage  .    (no gloves)
Will    .....                    (no boots)
Stlth   ++                       (no amulet)
HPRegen 0.26/turn                j - ring of see invisible
MPRegen 0.09/turn                (no ring)

@: no status effects
A: demonic guardian 1, demonic magic 1
a: no special abilities


You were on level 3 of the Dungeon.
You visited 1 branch of the dungeon, and saw 3 of its levels.

You collected 105 gold pieces.

Inventory:

Hand Weapons
 a - a +1 rapier (weapon)
Missiles
 d - 3 throwing nets (quivered)
 e - 2 javelins
 l - 22 stones
Armour
 b - a +0 leather armour (worn)
 c - a +0 helmet (worn)
Jewellery
 j - a ring of see invisible (left hand)
Scrolls
 f - a scroll of fear
 i - a scroll of blinking
 o - a scroll of identify
Potions
 g - 3 potions of haste
 h - 2 potions of berserk rage {unknown}
 k - a potion of degeneration {unknown}
 m - a potion of cancellation {unknown}
 n - 2 potions of heal wounds {unknown}
 p - a potion of invisibility {unknown}
 q - a potion of curing {unknown}


   Skills:
 + Level 3.9 Fighting
 - Level 2.6 Short Blades
 - Level 1.7 Throwing
 - Level 2.6 Dodging
 - Level 2.0 Stealth


You had 3 spell levels left.
You didn't know any spells.
Your spell library contained the following spells:

 Spells                   Type           Power      Damage    Failure   Level
 Kiss of Death            Conj/Necr      0%         2d5       43%         1
 Confusing Touch          Hex            0%         N/A       80%         3
 Gell's Gravitas          Tloc           0%         N/A       80%         3
 Teleport Other           Tloc           0%         N/A       80%         3
 Dispel Undead            Necr           0%         3d6       99%         4
 Dispersal                Tloc           0%         N/A       100%        6


Dungeon Overview and Level Annotations

Branches:
Dungeon (3/15)

Altars:


Innate Abilities, Weirdness & Mutations

A weak demonic guardian rushes to your aid.
Spells you cast may paralyse adjacent enemies.


Message History

Things that are here:
a +0 club; a goblin corpse
Found a stone staircase leading down.
Found an escape hatch in the floor.
Okay, then. 2 gnolls and a frilled lizard come into view.
There are monsters nearby!
There are monsters nearby!
Found a stone staircase leading down.
The gnoll shouts! x2; The frilled lizard hisses angrily.
You hear a shout!
You hear an angry hiss.
A gnoll comes into view. It is wielding a +0 spear.
The gnoll hits you from afar with a +0 halberd!
You hit the frilled lizard.
The frilled lizard is severely wounded.
A gnoll comes into view. It is wielding a +0 halberd.
The gnoll hits you from afar with a +0 halberd!
The frilled lizard bites you but does no damage.
The gnoll shouts!
The frilled lizard closely misses you.
The frilled lizard attacks as you move away!
The frilled lizard barely misses you.
You puncture the frilled lizard!
You kill the frilled lizard!
The gnoll closely misses you.
You closely miss the gnoll. The gnoll hits you with a +0 spear.
Throw: 3 javelins
Press: ? - help, Shift-Dir - straight line, f - gnoll
Aim: a gnoll, wielding a +0 spear (63% to hit)
You throw a javelin. The javelin pierces through the gnoll.
The gnoll is lightly wounded.
The javelin closely misses the gnoll.
The javelin pierces through the gnoll.
The gnoll is heavily wounded.
The javelin pierces through the gnoll.
The gnoll is lightly wounded.
The gnoll hits you with a +0 spear. The gnoll hits you with a +0 spear!
* * * LOW HITPOINT WARNING * * *
The gnoll attacks as you move away! The gnoll closely misses you.
The gnoll hits you from afar with a +0 spear!
You die...

.....##.#.##
.......#.. .....g..
.....g #.##.#
#.####.##g#
#.........#
######.##########..#
#(gggg.@....#
#.########.##
#......# #.####.#
#.# #.# #.# ##.##
#.###...####.##
#..............
>..###.))####.#>


You could see 4 gnolls.

Vanquished Creatures
  3 adders
  2 dart slugs (D:1)
  7 ball pythons
  6 endoplasms
  2 giant cockroaches (D:2)
  11 goblins
  4 hobgoblins
  A quokka (D:3)
  3 bats
  2 frilled lizards
  5 kobolds
46 creatures vanquished.

Vanquished Creatures (collateral kills)
  A ball python (D:1)
  A rat (D:2)
2 creatures vanquished.

Grand Total: 48 creatures vanquished

Notes
Turn   | Place    | Note
-------+----------+-------------------------------------------
     0 | D:1      | Newt the Demonspawn Gladiator began the quest for the Orb.
     0 | D:1      | Reached XP level 1. HP: 16/16 MP: 1/1
    23 | D:1      | Reached skill level 1 in Stealth
   125 | D:1      | Gained mutation: A weak demonic guardian rushes to your
                  | aid. [demonic ancestry]
   125 | D:1      | Reached XP level 2. HP: 22/22 MP: 2/2
   544 | D:1      | Gained mutation: Spells you cast may paralyse adjacent
                  | enemies. [demonic ancestry]
   544 | D:1      | Reached XP level 3. HP: 22/28 MP: 3/3
   822 | D:2      | Reached skill level 3 in Fighting
  1373 | D:3      | Reached XP level 4. HP: 37/37 MP: 4/4
  1375 | D:3      | Found a faded altar of an unknown god.
  1625 | D:3      | Slain by a gnoll

Illustrated notes

Levels and vault maps discovered:
D:1:      dpeg_arrival_pits, layout_loops_ring, nicolae_titane
D:2:      layout_loops_ring
D:3:      layout_loops_ring, hellmonk_ecumenical_altar_lost_god,
          dreamdust_mushroom_princess, uniq_natasha

Skill      XL: |  1  2  3 |
---------------+----------+-----
Stealth        | 1 2 |  2.0
Fighting       | 3 |  3.9
Short Blades   | |  2.6
Throwing       | |  1.7
Dodging        | |  2.6

Action                     |  1- 3 |  4- 6 || total
---------------------------+-------+-------++-------
  Melee: Rapier            |   111 |    23 ||   134
  Throw: Javelin           |       |     1 ||     1
    Use: Scroll            |     3 |     1 ||     4
   Stab: Sleeping          |     3 |       ||     3
         Distracted        |     1 |       ||     1
 Armour: Leather armour    |    31 |     7 ||    38
  Dodge: Dodged            |    68 |    18 ||    86

Table legend: (Time is in decaauts)
 A = Elapsed time spent in this place.
 B = Non-inter-level travel time spent in this place.
 C = Inter-level travel time spent in this place.
 D = Time resting spent in this place.
 E = Time spent auto-exploring this place.
 F = Levels seen in this place.
 G = Mean time per level.
                   A        B        C        D        E       F      G
               +--------+--------+--------+--------+--------+-----+--------+
         Total |   1634 |   1577 |     57 |      0 |   1231 |   3 |  544.7 |
       Dungeon |   1634 |   1577 |     57 |      0 |   1231 |   3 |  544.7 |
               +--------+--------+--------+--------+--------+-----+--------+

Top non-repeatable levels by time:
     D:1: 798 daAuts
     D:2: 548 daAuts
     D:3: 287 daAuts
